 Dungeon Crawl Stone Soup version 0.31-a0-640-g39d97e502b (webtiles) character file.

Game seed: 2746797704731316410

127 qw the Shooter (level 5, -4/32 HPs)
             Began as a Gargoyle Hunter on Aug 27, 2023.
             Slain by Sigmund
             ... wielding a +5 scythe of protection
              (8 damage)
             ... on level 3 of the Dungeon.
             The game lasted 00:00:50 (1519 turns).

qw the Shooter (Gargoyle Hunter)                    Turns: 1519, Time: 00:00:51

Health: -4/32      AC: 10    Str: 12 (14) XL:     5   Next: 11%
Magic:  5/5        EV: 10    Int:  7 (10) God:
Gold:   79         SH:  0    Dex: 13 (15) Spells: 4/4 levels left

rFire   . . .        Y - +1 shortbow
rCold   . . .        (shield currently unavailable)
rNeg    + . .        i - +0 ring mail
rPois   inf          d - +0 helmet
rElec   +            (no cloak)
rCorr   .            (no gloves)
SInv    +            (no boots)
Will    .....        (no amulet)
Stlth   +            k - ring of see invisible
HPRegen 0.25/turn    (no ring)
MPRegen 0.09/turn

%: no passive effects
@: no status effects
A: sickness immunity, AC +4, negative energy resistance 1, electricity
resistance, torment resistance 1, petrification resistance, mutation resistance
1, MP-powered wands
a: no special abilities


You were on level 3 of the Dungeon.
You visited 1 branch of the dungeon, and saw 3 of its levels.

You collected 79 gold pieces.


Innate Abilities, Weirdness & Mutations

You are immune to sickness and miasma.
Your stone body is resilient. (AC +4)
You are immune to poison.
You resist negative energy. (rN+)
You are resistant to electric shocks. (rElec)
You are resistant to unholy torment.
You are immune to petrification.
You are somewhat resistant to further mutation.
You expend magic power (3 MP) to strengthen your wands.


   Skills:
 - Level 3.1 Fighting
 - Level 5.8 Ranged Weapons
 + Level 0.4 Armour
 - Level 1.5 Dodging
 - Level 1.1 Stealth


You had 4 spell levels left.
You didn't know any spells.
Your spell library was empty.

Inventory:

Hand Weapons
 Y - a +1 shortbow (weapon)
Armour
 d - a +0 helmet (worn)
 i - a +0 ring mail (worn)
Jewellery
 k - a ring of see invisible (left hand)
Potions
 b - a potion of brilliance {unknown}
 g - a potion of mutation
 j - a potion of enlightenment {unknown}

Dungeon Overview and Level Annotations

Branches:
Dungeon (3/15)

Altars:

Annotations:
D:3 Sigmund


Message History

Sigmund hits you from afar with a +5 scythe of protection.
You shoot an arrow. The arrow closely misses Sigmund.
Sigmund hits you from afar with a +5 scythe of protection!
You shoot an arrow. The arrow hits Sigmund.
Sigmund is moderately wounded.
Sigmund points at you and mumbles some strange words.
You are confused.
Sigmund hits you from afar with a +5 scythe of protection.
Sigmund closely misses you. Sigmund closely misses you.
Sigmund hits you from afar with a +5 scythe of protection.
You feel less confused.
You shoot an arrow.
The arrow hits Sigmund but does no damage.
Sigmund is moderately wounded.
Sigmund closely misses you.
You shoot an arrow.
The arrow hits Sigmund but does no damage.
Sigmund is moderately wounded.
Sigmund hits you from afar with a +5 scythe of protection.
You shoot an arrow. The arrow hits Sigmund.
Sigmund is moderately wounded.
Sigmund hits you but does no damage.
You shoot an arrow. The arrow hits Sigmund.
Sigmund is moderately wounded.
You shoot an arrow.
The arrow hits Sigmund but does no damage.
Sigmund is moderately wounded.
Sigmund hits you but does no damage.
You shoot an arrow. The arrow closely misses Sigmund.
Sigmund casts a spell at you.
You are confused.
Sigmund closely misses you.
Sigmund hits you from afar with a +5 scythe of protection.
Sigmund closely misses you.
Sigmund hits you from afar with a +5 scythe of protection.
You feel less confused.
Sigmund hits you from afar with a +5 scythe of protection!
You die...
Sigmund begins carving another notch in his scythe.

#. ###. ##...# ......#
....... .......
.....%.#######
.....@)@.....#########
##..!#######..<%.....#
## #########..


You could see Sigmund.

Vanquished Creatures
  4 gnolls (D:2)
  2 adders (D:2)
  A worm (D:2)
  A dart slug (D:3)
  8 bats
  8 endoplasms
  A giant cockroach (D:1)
  8 goblins
  3 hobgoblins (D:1)
  4 jackals (D:2)
  A quokka (D:2)
  5 ball pythons
  2 frilled lizards
  6 kobolds
  6 rats
60 creatures vanquished.

Notes
Turn   | Place    | Note
-------+----------+-------------------------------------------
     0 | D:1      | qw the Gargoyle Hunter began the quest for the Orb.
     0 | D:1      | Reached XP level 1. HP: 12/12 MP: 1/1
     0 | D:1      | 0 ||| qw: Version: 0.3-a-74-g0d5e918
     0 | D:1      | 0 ||| qw: Game counter: 127
     0 | D:1      | 0 ||| qw: Melee chars always use a shield: true
     0 | D:1      | 0 ||| qw: God list: Okawaru
     0 | D:1      | 0 ||| qw: Allow faded altars: false
     0 | D:1      | 0 ||| qw: Do Orc after clearing Dungeon:15 true
     0 | D:1      | 0 ||| qw: Do second Lair branch before Depths: true
     0 | D:1      | 0 ||| qw: Lair rune preference: random
     0 | D:1      | 0 ||| qw: Goals: Normal
     0 | D:1      | 0 ||| PLANNING D:1-11
   108 | D:1      | Reached XP level 2. HP: 17/17 MP: 2/2
   393 | D:1      | Reached XP level 3. HP: 21/21 MP: 3/3
   434 | D:1      | Reached skill level 5 in Ranged Weapons
   746 | D:1      | 746 ||| UPGRADING to +0 helmet.
   751 | D:1      | 751 ||| UPGRADING to ring of see invisible.
   752 | D:1      | 752 ||| READING scroll labelled ERITICWAGHA.
   753 | D:1      | 753 ||| READING 2 scrolls labelled MASTYI WUCZAPH.
   754 | D:1      | 754 ||| READING scroll labelled UVEUSCHAKUSH.
   755 | D:1      | 755 ||| READING scroll labelled ITESTITR AKHICI.
   756 | D:1      | 756 ||| READING scroll labelled WOIPUTH HOAG.
   757 | D:1      | 757 ||| DRINKING 2 dark potions.
   757 | D:1      | Gained mutation: You expend magic power (3 MP) to
                  | strengthen your wands. [potion of mutation]
   757 | D:1      | Gained mutation: You are somewhat resistant to further
                  | mutation. [potion of mutation]
   758 | D:1      | 758 ||| DROPPING scroll of butterflies.
   759 | D:1      | 759 ||| DROPPING scroll of vulnerability.
   831 | D:2      | Reached skill level 3 in Fighting
   838 | D:2      | Reached XP level 4. HP: 18/28 MP: 4/4
   849 | D:2      | 849 ||| FLEEEEING.
   851 | D:2      | 851 ||| STAIRDANCE
   983 | D:2      | Identified the amulet "Emaw" {RegenMP *Slow rPois rN+
                  | Stlth+}
  1430 | D:2      | Reached XP level 5. HP: 30/32 MP: 5/5
  1439 | D:2      | 1439 ||| UPGRADING to +0 ring mail.
  1449 | D:2      | 1449 ||| DROPPING +0 leather armour.
  1450 | D:2      | 1450 ||| DROPPING amulet "Emaw" {RegenMP *Slow rPois rN+
                  | Stlth+}.
  1451 | D:2      | 1451 ||| READING scroll labelled CYTOSCH NEPH.
  1454 | D:2      | 1454 ||| READING scroll labelled BEOL UNIRYXZIL.
  1455 | D:2      | 1455 ||| READING 2 scrolls labelled BOOTOYMOEN.
  1456 | D:2      | 1456 ||| DRINKING 2 lumpy blue potions.
  1457 | D:2      | 1457 ||| DROPPING scroll of immolation.
  1458 | D:2      | 1458 ||| DROPPING potion of degeneration.
  1490 | D:3      | Noticed Sigmund
  1505 | D:3      | HP: 8/32 [Sigmund/+5 scythe of protection (4)]
  1514 | D:3      | HP: 4/32 [Sigmund/+5 scythe of protection (3)]
  1519 | D:3      | Slain by Sigmund

Levels and vault maps discovered:
D:1:      sevenhm_arrival_forest_fort_large_4, layout_loops_ring,
          minmay_misc_feat_ornament
D:2:      layout_rooms
D:3:      layout_rooms, tgw_xom, uniq_sigmund

Skill      XL: |  1  2  3 |
---------------+----------+-----
Ranged Weapons | 5 |  5.8
Fighting       | 3 |  3.1
Armour         | |  0.4
Dodging        | |  1.5
Stealth        | |  1.1

Action                     |  1- 3 |  4- 6 || total
---------------------------+-------+-------++-------
   Fire: Shortbow          |    87 |   104 ||   191
    Use: Scroll            |     5 |     3 ||     8
         Potion            |     1 |     1 ||     2
 Armour: Leather armour    |    16 |    23 ||    39
         Ring mail         |       |     6 ||     6
  Dodge: Dodged            |    25 |    41 ||    66

Table legend:
 A = Non-vault XP
 B = Vault XP
 C = Vault XP percentage of total XP
 D = Non-vault monster count
 E = Vault monster count
 F = Vault count percentage of total count
                 A         B        C        D         E       F
            +---------+---------+-------+---------+---------+-------
      Total |     182 |       0 |   0.0 |      60 |       0 |   0.0
            +---------+---------+-------+---------+---------+-------
        D:1 |      49 |       0 |   0.0 |      29 |       0 |   0.0
        D:2 |     125 |       0 |   0.0 |      27 |       0 |   0.0
        D:3 |       8 |       0 |   0.0 |       4 |       0 |   0.0
            +---------+---------+-------+---------+---------+-------
